 Dungeon Crawl Stone Soup version 0.29-a0-330-g52719c12eb (webtiles) character file.

Game seed: 7008268031134122034

54 Anon1729 the Ducker (level 3, -7/30 HPs)
             Began as a Merfolk Monk on May 28, 2022.
             Was a Priest of Fedhas.
             Mangled by an iguana (14 damage)
             ... on level 3 of the Dungeon.
             The game lasted 00:01:54 (2834 turns).

Anon1729 the Ducker (Merfolk Monk)                  Turns: 2834, Time: 00:01:54

Health: -7/30      AC:  2    Str: 11    XL:     3   Next: 91%
Magic:  0/3        EV: 14    Int:  9    God:    Fedhas [***...]
Gold:   201        SH:  5    Dex: 18    Spells: 2/2 levels left

rFire   . . .      SeeInvis .   a - +0 falchion
rCold   . . .      Faith    .   (no shield)
rNeg    . . .      Spirit   .   b - +0 robe
rPois   .          Reflect  +   (no helmet)
rElec   .          Harm     .   (no cloak)
rCorr   .          Rampage  .   (no gloves)
Will    .....                   (no boots)
Stlth   +++.......              h - amulet "Hong" {Reflect Fly SH+5}
HPRegen 0.10/turn               f - ring of flight
MPRegen 0.08/turn               (no ring)

@: flying
A: (nimble swimmer 2), mertail
a: Renounce Religion, Wall of Briars, Grow Ballistomycete


You were on level 3 of the Dungeon.
You worshipped Fedhas.
Fedhas was most pleased with you.
You visited 1 branch of the dungeon, and saw 3 of its levels.

You collected 201 gold pieces.

Inventory:

Hand Weapons
 a - a +0 falchion (weapon)
Missiles
 g - 2 atropa-tipped darts (quivered)
Armour
 b - a +0 robe (worn)
Jewellery
 f - a ring of flight (left hand)
 h - the amulet "Hong" (around neck) {Reflect Fly SH+5}
   (You found it on level 3 of the Dungeon)

   [amulet of reflection]

   It reflects blocked missile attacks.
   Fly:       It grants you flight.
   SH:        It affects your SH (+5).
Scrolls
 d - 3 scrolls of identify {unknown}
Potions
 c - a potion of ambrosia
 e - a potion of lignification {unknown}


   Skills:
 + Level 3.9 Fighting
 - Level 4.1 Long Blades
 + Level 4.6 Dodging
 + Level 3.1 Stealth


You had 2 spell levels left.
You didn't know any spells.
Your spell library was empty.

Dungeon Overview and Level Annotations

Branches:
Dungeon (3/15)

Altars:
Fedhas

Annotations:
D:2 1 runed translucent door, Crazy Yiuf, Sigmund


Innate Abilities, Weirdness & Mutations

((You are very nimble when in or above water. (Stealth+, EV+, Speed+++)))
Your lower body shifts to a powerful aquatic tail in water.


Message History

You continue putting on the amulet "Hong" {Reflect Fly SH+5}. x2
The endoplasm quivers.
The iguana hisses angrily.
You continue putting on the amulet "Hong" {Reflect Fly SH+5}. x3
You finish putting on the amulet "Hong" {Reflect Fly SH+5}.
You feel a shielding aura gather around you.
You feel rather light.
h - the amulet "Hong" (around neck) {Reflect Fly SH+5}
There is a stone staircase leading up here.
You hit the iguana.
The iguana is lightly wounded.
The iguana barely misses you.
You hit the iguana but do no damage.
The iguana is lightly wounded.
The iguana barely misses you. The endoplasm barely misses you.
You hit the iguana but do no damage.
The iguana is lightly wounded.
The iguana bites you but does no damage.
The endoplasm misses you.
You hit the iguana.
The iguana is heavily wounded.
The iguana bites you! The endoplasm misses you.
You closely miss the iguana.
The iguana is heavily wounded.
You block the iguana's attack.
The endoplasm hits you but does no damage.
You closely miss the iguana.
The iguana is moderately wounded.
The iguana bites you. The endoplasm barely misses you.
You hit the iguana.
The iguana is heavily wounded.
The iguana bites you!
* * * LOW HITPOINT WARNING * * *
The endoplasm barely misses you.
You are too injured to fight recklessly!
You are too injured to fight recklessly!
You are too injured to fight recklessly!
A briar patch grows up from the ground. x6; The iguana bites you!
You die...
Fedhas appreciates your contribution to the ecosystem.

<......................
.....................##
#....................#
##....#..............#
#...##........^...#.#
#.#.#...#.......###..#
.......[##....# .#
.....####.PlJ.####
..... #.P@P....# ...
#.PPP.##.# .. #....## #
#....# #....# ......
........ ###......


You could see an iguana (ally target) and an endoplasm.

Vanquished Creatures
  An adder (D:2)
  2 dart slugs (D:1)
  5 bats (D:1)
  4 endoplasms (D:1)
  A giant cockroach (D:2)
  5 goblins (D:1)
  5 hobgoblins
  3 jackals (D:1)
  A quokka (D:2)
  A ball python (D:1)
  A frilled lizard (D:1)
  4 kobolds
  2 rats (D:1)
35 creatures vanquished.

Vanquished Creatures (others)
  A fungus (D:1)
1 creature vanquished.

Grand Total: 36 creatures vanquished

Notes
Turn   | Place    | Note
-------+----------+-------------------------------------------
     0 | D:1      | Anon1729 the Merfolk Monk began the quest for the Orb.
     0 | D:1      | Reached XP level 1. HP: 18/18 MP: 1/1
   137 | D:1      | Reached XP level 2. HP: 7/24 MP: 2/2
   446 | D:1      | Found a faded altar of an unknown god.
   495 | D:1      | Prayed at the altar of an unknown god.
   495 | D:1      | Became a worshipper of Fedhas Madash
   495 | D:1      | Reached * piety under Fedhas
   495 | D:1      | Reached ** piety under Fedhas
   696 | D:1      | Reached XP level 3. HP: 23/29 MP: 3/3
   697 | D:1      | Reached *** piety under Fedhas
  1560 | D:2      | Found a runed translucent door.
  1561 | D:2      | Noticed Crazy Yiuf
  1767 | D:2      | Noticed Sigmund
  2799 | D:3      | Identified the amulet "Hong" {Reflect Fly SH+5}
  2834 | D:3      | Mangled by an iguana

Illustrated notes

Levels and vault maps discovered:
D:1:      dpeg_arrival_rooms_a, layout_loops_ring,
          shapermc_ecumenical_altar_ellora
D:2:      layout_loops_ring, uniq_sigmund, uniq_crazy_yiuf_cottage
D:3:      layout_rooms

Skill      XL: |  1  2  3 |
---------------+----------+-----
Long Blades    | 4 |  4.1
Stealth        | 3 |  3.1
Fighting       | |  3.9
Dodging        | |  4.6

Action                   || total
-------------------------++-------
Melee: Falchion          ||   101
       Punch             ||     1
Invok: Wall of Briars    ||     1
 Stab: Sleeping          ||     7
Armor: Robe              ||    18
Dodge: Dodged            ||    77
Block: Other             ||     1

Table legend: (Time is in decaauts)
 A = Elapsed time spent in this place.
 B = Non-inter-level travel time spent in this place.
 C = Inter-level travel time spent in this place.
 D = Time resting spent in this place.
 E = Time spent auto-exploring this place.
 F = Levels seen in this place.
 G = Mean time per level.
                   A        B        C        D        E       F      G
               +--------+--------+--------+--------+--------+-----+--------+
         Total |   2843 |   2742 |    101 |    149 |   2316 |   3 |  947.7 |
       Dungeon |   2843 |   2742 |    101 |    149 |   2316 |   3 |  947.7 |
               +--------+--------+--------+--------+--------+-----+--------+

Top non-repeatable levels by time:
     D:1: 1522 daAuts
     D:2: 1271 daAuts
     D:3: 49 daAuts
